 Dungeon Crawl Stone Soup version 0.31-a0-1576-ga3383bade6 (webtiles) character file.

Game seed: 16282020669013903988

2793 monsoonserge the Chopper (level 9, -5/65 HPs)
             Began as a Barachi Hexslinger on Jan 4, 2024.
             Was a Priest of Lugonu.
             Killed from afar by an acid dragon (11 damage)
             ... with a splash of acid
             ... on level 9 of the Dungeon.
             The game lasted 00:17:25 (6683 turns).

monsoonserge the Chopper (Barachi Hexslinger)       Turns: 6683, Time: 00:17:27

Health: -5/65      AC: 15    Str: 16    XL:     9   Next: 71%
Magic:  12/12      EV: 11    Int: 13    God:    Lugonu [***...]
Gold:   429        SH: 10    Dex: 17    Spells: 8/12 levels left

rFire   . . .        i - +9 hand axe of Causality {freeze, rC+ Str+4 Stlth-}
rCold   + + +        n - +0 kite shield
rNeg    . . .        w - +4 ring mail {rC+}
rPois   .            s - +0 helmet
rElec   .            J - scarf {shadows}
rCorr   .            M - +2 pair of gloves {hurl}
SInv    .            (no boots)
Will    .....        (no amulet) Stlth
                     r - ring of wizardry
HPRegen 0.30/turn    E - ring of protection from cold
MPRegen 0.13/turn

%: wizardry (x1)
@: mighty, slow
A: amphibious, slowness 1, strong legs 1, +LOS
a: Hop, Renounce Religion, Depart the Abyss, Banish


You were on level 9 of the Dungeon.
You worshipped Lugonu.
Lugonu was most pleased with you.
You visited 2 branches of the dungeon, and saw 10 of its levels.

You collected 590 gold pieces.
You spent 161 gold pieces at shops.

Inventory:

Hand Weapons
 a - a +1 sling
 i - the +9 hand axe of Causality (weapon) {freeze, rC+ Str+4 Stlth-}
   (You found it on level 2 of the Dungeon)

   Str+4:     It affects your strength (+4).
   rC+:       It protects you from cold.
   Stlth-:    It makes you less stealthy.
Missiles
 l - 15 poisoned darts (quivered)
Armour
 n - a +0 kite shield (worn)
 s - a +0 helmet (worn)
 w - a +4 ring mail of cold resistance (worn)
 J - a scarf of shadows (worn)
 M - a +2 pair of gloves of hurling (worn)
 N - a +2 ring mail of fire resistance
 P - +0 acid dragon scales
Magical Staves
 u - a staff of cold
Jewellery
 r - a ring of wizardry (left hand)
 E - a ring of protection from cold (right hand)
Talismans
 L - a serpent talisman
Wands
 o - a wand of mindburst (12)
 D - a wand of flame (11)
 F - a wand of polymorph (9)
 G - a wand of digging (4)
Scrolls
 b - 2 scrolls of poison
 c - 10 scrolls of teleportation
 e - 5 scrolls of identify
 g - 3 scrolls of immolation {unknown}
 h - 3 scrolls of vulnerability
 j - a scroll of silence {unknown}
 k - 2 scrolls of enchant weapon {unknown}
 m - a scroll of fear {unknown}
 y - 3 scrolls of fog {unknown}
 C - a scroll of brand weapon {unknown}
 K - a scroll of blinking {unknown}
 O - a scroll of revelation {unknown}
 R - a scroll of enchant armour {unknown}
Potions
 d - 2 potions of mutation {unknown}
 f - 2 potions of degeneration {unknown}
 p - 3 potions of curing {unknown}
 q - 5 potions of might
 t - 2 potions of invisibility {unknown}
 v - 2 potions of heal wounds {unknown}
 x - a potion of resistance {unknown}
 z - 2 potions of attraction {unknown}
 A - 2 potions of berserk rage {unknown}
 B - 2 potions of haste {unknown}
 H - 4 potions of lignification {unknown}
 I - 2 potions of enlightenment {unknown}
 Q - a potion of magic {unknown}


   Skills:
 + Level 4.1 Fighting
 + Level 7.6 Axes
 - Level 2.8 Ranged Weapons
 + Level 1.3 Throwing
 * Level 7.3 Armour
 + Level 4.0 Dodging
 + Level 1.3 Stealth
 * Level 5.4 Shields
 - Level 2.0 Spellcasting
 + Level 3.9 Hexes
 + Level 1.1 Fire Magic
 * Level 3.2 Invocations


You had 8 spell levels left.
You knew the following spells:

 Your Spells              Type           Power      Damage    Failure   Level
a - Jinxbite              Hex            22%        N/A       16%         2
b - Blink                 Tloc           2%         N/A       54%         2

Your spell library contained the following spells:

 Spells                   Type           Power      Damage    Failure   Level
 Sigil of Binding         Hex            11%        N/A       28%         3
 Magic Dart               Conj           4%         1d3       41%         1
 Inner Flame              Hex/Fire       7%         N/A       43%         3
 Call Imp                 Summ           2%         N/A       54%         2
 Cause Fear               Hex            5%         N/A       65%         4
 Dimensional Bullseye     Hex/Tloc       3%         N/A       88%         4
 Olgreb's Toxic Radiance  Alch           1%         N/A       98%         4
 Yara's Violent Unravell  Hex/Alch       3%         3d4       99%         5
 Enfeeble                 Hex            5%         N/A       100%        7
 Ozocubu's Refrigeration  Ice            0%         4d7       100%        7
 Discord                  Hex            5%         N/A       100%        8


Dungeon Overview and Level Annotations

Branches:
Dungeon (9/15)             Temple (1/1) D:5
   Lair: D:8-11         Orc: D:9-12

Altars:
Ashenzari
Cheibriados
Dithmenos
Elyvilon
Fedhas
Gozag
Hepliaklqana
Kikubaaqudgha
Makhleb
Nemelex Xobeh
Okawaru
Qazlal
Ru
Trog
Uskayaw
Vehumet
Wu Jian
Xom
Yredelemnul
Zin
The Shining One
Lugonu

Shops:
D:3 [   D:7 (   D:8 *

Annotations:
D:4 2 runed translucent doors, Laraso's ghost, amateur VSRe
D:8 fly for ?Vuln


Innate Abilities, Weirdness & Mutations

You are amphibious.
You cover ground slowly.
You can hop short distances.
You have an extended range of vision and can be seen from far away.


Message History

An orc comes into view. It is wielding a +0 club.
Okay, then.
Casting: Jinxbite (safe; 16% risk of failure)
Confirm with . or Enter, or press ? or * to list all spells.
Okay, then.
The orc shouts!
You hear a shout!
An orc and an acid dragon come into view.
The orc shouts!
The acid dragon roars!
You hear a shout!
The acid dragon spits acid at you. The splash of acid hits you!!
An orc warrior comes into view. It is wielding a +0 glaive.
You hear a shout! x3
Found an escape hatch in the floor.
The orc hits you but does no damage.
An orc comes into view. It is wielding a +0 hand axe.
You slash the orc! You freeze the orc.
You kill the orc!
Lugonu accepts your kill. The orc warrior barely misses you.
Things that are here:
13 gold pieces; a +0 club; an orc corpse You hit the acid dragon but do no damage.
You hit the orc. You freeze the orc. You block the orc's attack.
You block the orc warrior's attack. The acid dragon bites you!
The acid dragon misses you.
You slash the acid dragon! You freeze the acid dragon.
The acid dragon is moderately wounded.
You hit the orc. You freeze the orc.
You kill the orc!
Lugonu accepts your kill.
The orc warrior hits you from afar with a +0 glaive!
* * * LOW HITPOINT WARNING * * *
You block the acid dragon's attack. The acid dragon completely misses you.
Okay, then.
It was a potion of might.
You feel very mighty all of a sudden.
The orc warrior hits you from afar with a +0 glaive.
* * * LOW HITPOINT WARNING * * *
The acid dragon spits acid at you. The splash of acid hits you!
You die...

..............### #'# ##
.............##⌠##♣.♣##⌠
............##...##.##..
............#_.#..'.'..#
............##...##♣##..
.............##⌠## ##⌠
..............### ##
..................
.>.....@..........
.......)D.......... .
.....oo...............<.
........................
........................
................. ......
................ ......
............... ......
......


You could see an orc warrior, an acid dragon (catching breath) and an orc.

Vanquished Creatures
  A shadow (D:6)
  2 wyverns (D:8)
  A wraith (D:6)
  A steam dragon (D:8)
  An acid dragon (D:8)
  2 water moccasins
  An ice beast (D:4)
  2 sky beasts
  A black bear (D:3)
  A centaur (D:9)
  3 bullfrogs
  A scorpion (D:6)
  5 killer bees (D:8)
  3 electric eels
  A howler monkey (D:4)
  2 bombardier beetles (D:3)
  3 orc priests
  2 jellies (D:6)
  A sleepcap (D:4)
  2 iguanas
  8 orc wizards
  3 gnolls (D:5)
  3 adders
  2 shadow imps
  A white imp (D:7)
  3 dart slugs (D:1)
  A ribbon worm (D:2)
  23 orcs
  6 ball pythons
  6 bats
  3 endoplasms
  2 giant cockroaches
  6 goblins
  5 hobgoblins
  4 jackals (D:2)
  3 kobolds
  6 quokkas
  3 frilled lizards
  22 rats
146 creatures vanquished.

Notes
Turn   | Place    | Note
-------+----------+-------------------------------------------
     0 | D:1      | monsoonserge the Barachi Hexslinger began the quest for the
                  | Orb.
     0 | D:1      | Reached XP level 1. HP: 15/15 MP: 2/2
    42 | D:1      | Reached XP level 2. HP: 21/21 MP: 3/3
   131 | D:1      | Learned a level 2 spell: Jinxbite
   342 | D:1      | Reached XP level 3. HP: 26/26 MP: 4/4
   734 | D:2      | Identified the +9 hand axe of Causality {freeze, rC+ Str+4
                  | Stlth-}
  1076 | D:2      | Reached skill level 1 in Axes
  1089 | D:2      | Reached XP level 4. HP: 31/33 MP: 5/5
  1648 | D:3      | Noticed a black bear
  1833 | D:3      | Found a faded altar of an unknown god.
  1873 | D:3      | Prayed at the altar of an unknown god.
  1873 | D:3      | Became a worshipper of Lugonu the Unformed
  1873 | D:3      | Reached * piety under Lugonu
  1879 | D:3      | Found a snail-covered altar of Cheibriados.
  1903 | D:3      | Reached XP level 5. HP: 39/39 MP: 6/6
  1908 | D:3      | Reached skill level 1 in Shields
  2030 | D:3      | Found Riuploh's Antique Armour Shop.
  2049 | D:3      | Killed a black bear
  2050 | D:3      | Reached XP level 6. HP: 40/46 MP: 4/7
  2276 | D:3      | Reached ** piety under Lugonu
  2310 | D:3      | Bought a shiny ring mail for 161 gold pieces
  2482 | D:4      | Found a large runed translucent door.
  2482 | D:4      | Found a large runed translucent door.
  2482 | D:4      | Noticed Laraso's ghost (amateur VSRe)
  2831 | D:4      | Noticed an ice beast
  2843 | D:4      | Killed an ice beast
  2844 | D:4      | Reached skill level 1 in Armour
  2985 | D:5      | Entered Level 5 of the Dungeon
  3069 | D:5      | Found a staircase to the Ecumenical Temple.
  3084 | Temple   | Entered the Ecumenical Temple
  3108 | D:4      | Reached XP level 7. HP: 41/51 MP: 8/8
  3433 | D:6      | Reached skill level 5 in Axes
  3782 | D:6      | Noticed a shadow
  3789 | D:6      | Killed a shadow
  3790 | D:6      | Reached skill level 1 in Stealth
  3790 | D:6      | Reached XP level 8. HP: 7/58 MP: 7/10
  4249 | D:6      | Noticed a wraith
  4253 | D:6      | Killed a wraith
  4254 | D:6      | Reached skill level 5 in Armour
  4521 | D:7      | Found Plog's Antique Weapon Shoppe.
  4541 | D:7      | Learned a level 2 spell: Blink
  5012 | D:8      | Found a glowing golden altar of the Shining One.
  5165 | D:8      | Found Xidaoli's Demolitions Depot.
  5173 | D:8      | Reached skill level 1 in Invocations
  5177 | D:8      | Reached XP level 9. HP: 46/65 MP: 10/12
  5318 | D:8      | Reached *** piety under Lugonu
  6017 | D:8      | Reached skill level 5 in Shields
  6103 | D:8      | Reached skill level 1 in Throwing
  6229 | D:8      | Found a white marble altar of Elyvilon.
  6640 | D:9      | Found an ancient bone altar of Kikubaaqudgha.
  6654 | D:9      | Found a bloodstained altar of Trog.
  6683 | D:9      | Killed from afar by an acid dragon

Illustrated notes

Levels and vault maps discovered:
D:1:      amcnicky_arrival_choice, layout_loops_ring
D:2:      layout_basic, minmay_rat_hole
D:3:      layout_basic, mainiacjoe_overflow_boulevard,
          ebering_ecumenical_altar_sacrificial, serial_shops, shop_fountains
D:4:      layout_basic, ebering_ghost_disaster_area, feat_on_display
D:5:      layout_cave_pools, minmay_temple_entry_glass
D:6:      minmay_cornered_nines, layout_gridville, grunt_decor_junction,
          minmay_misc_feat_ornament, minmay_crystal_water
D:7:      layout_basic, serial_shops, kennysheep_little_box,
          kennysheep_cross_room
D:8:      layout_basic, nicolae_tso_swordbearing_angel, general_overflow_altar,
          dreamdust_princess_bridge, nicolae_blasting_shop
D:9:      layout_layer_cave, kennysheep_orc_sif_temple,
          amethyst_overflow_temple_binary, minmay_misc_feat_rows
Temple:   lightli_temple_of_artemis

Skill      XL: |  1  2  3  4  5  6  7  8  9 |
---------------+----------------------------+-----
Fighting       | 2 3 4 |  4.1
Axes           | 1 2 4 5 6 7 |  7.6
Shields        | 1 2 3 4 5 |  5.4
Armour         | 1 4 6 7 |  7.3
Dodging        | 3 4 |  4.0
Stealth        | 1 |  1.3
Spellcasting   | 2 |  2.0
Invocations    | 1 3 |  3.2
Throwing       | 1 |  1.3
Ranged Weapons | |  2.8
Hexes          | |  3.9
Fire Magic     | |  1.1

Action                     |  1- 3 |  4- 6 |  7- 9 || total
---------------------------+-------+-------+-------++-------
  Melee: Hand axe          |    30 |    55 |   160 ||   245
   Fire: Sling             |    50 |       |       ||    50
  Throw: Dart              |       |     4 |    14 ||    18
   Cast: Jinxbite          |       |     1 |     1 ||     2
    Use: Scroll            |       |       |     2 ||     2
         Potion            |       |       |     1 ||     1
 Armour: Robe              |    25 |     1 |       ||    26
         Leather armour    |       |    14 |       ||    14
         Ring mail         |       |     8 |   130 ||   138
  Dodge: Dodged            |    45 |    19 |    48 ||   112
  Block: Kite shield       |       |    22 |    75 ||    97

Table legend: (Time is in decaauts)
 A = Elapsed time spent in this place.
 B = Non-inter-level travel time spent in this place.
 C = Inter-level travel time spent in this place.
 D = Time resting spent in this place.
 E = Time spent auto-exploring this place.
 F = Levels seen in this place.
 G = Mean time per level.
                   A        B        C        D        E       F      G
               +--------+--------+--------+--------+--------+-----+--------+
         Total |   7708 |   7346 |    362 |    767 |   4502 |  10 |  770.8 |
       Dungeon |   7707 |   7345 |    362 |    767 |   4502 |   9 |  856.3 |
        Temple |      1 |      1 |      0 |      0 |      0 |   1 |    1.0 |
               +--------+--------+--------+--------+--------+-----+--------+

Top non-repeatable levels by time:
     D:8: 1625 daAuts
     D:2: 1258 daAuts
     D:6: 1069 daAuts
     D:1: 813 daAuts
     D:4: 805 daAuts
     D:3: 709 daAuts
     D:7: 528 daAuts
     D:5: 476 daAuts
     D:9: 422 daAuts
  Temple: 1 daAuts
